TOP OF THE 1ST |
Salem Silver Souls batting - Pitching for Santa Fe Diablos : RHP Jacob Bryant
|
Pitching: RHP Jacob Bryant
|
|
Batting: SHB Todd Smith
|
0-0: Foul Ball, location: 2F 0-1: Fly out, F2 (Popup, 2LF)
|
Batting: LHB Bill Smith
|
0-0: DOUBLE (Flyball, 89XD)
|
Batting: RHB Lonson Seals
|
0-0: Called Strike 0-1: Swinging Strike 0-2: Foul Ball, location: 2F 0-2: Strikes out swinging
|
Batting: LHB Raúl Cordero
|
0-0: Called Strike 0-1: Ball 1-1: Swinging Strike 1-2: DOUBLE (Groundball, 3L) Bill Smith scores
|
Batting: SHB Juan Acevado
|
0-0: Called Strike 0-1: Ball 1-1: Swinging Strike 1-2: Strikes out swinging
|
Top of the 1st over - 1 run(s), 2 hit(s), 0 error(s), 1 left on base; Salem 1 - Santa Fe 0 |
BOTTOM OF THE 1ST |
Santa Fe Diablos batting - Pitching for Salem Silver Souls : RHP Dave Williams
|
Pitching: RHP Dave Williams
|
|
Batting: RHB Emílio Bruno
|
0-0: Called Strike 0-1: Ball 1-1: SINGLE (Flyball, 8RM)
|
Batting: RHB Roberto Zamora
|
0-0: Called Strike Emílio Bruno is caught stealing 2nd base 0-1: Fly out, F3 (Popup, 13)
|
Batting: SHB António Hernández
|
0-0: Foul Ball, location: 2F 0-1: Swinging Strike 0-2: Foul Ball, location: 2F 0-2: Ground out U3 (Groundball, 3)
|
Bottom of the 1st over - 0 run(s), 1 hit(s), 0 error(s), 0 left on base; Salem 1 - Santa Fe 0 |
TOP OF THE 2ND |
Salem Silver Souls batting - Pitching for Santa Fe Diablos : RHP Jacob Bryant
|
Batting: RHB Carlos García
|
0-0: Ball 1-0: Ball 2-0: Called Strike 2-1: Ball 3-1: Swinging Strike 3-2: Foul Ball, location: 2F 3-2: Foul Ball, location: 2F 3-2: Fly out, F7 (Flyball, 7LD)
|
Batting: LHB Millard Dye
|
0-0: Ball 1-0: Ball 2-0: Ball 3-0: Base on Balls
|
Batting: RHB Jesús Gutiérrez
|
0-0: Ball 1-0: Fly out, F4 (Popup, 4D)
|
Batting: RHB Alejandro Martínez
|
0-0: Ball 1-0: Ball 2-0: Ball 3-0: Base on Balls Millard Dye to second
|
Batting: SHB Todd Smith
|
0-0: Fielders Choice at 2nd, 5-4 (Groundball, 56)
|
Top of the 2nd over - 0 run(s), 0 hit(s), 0 error(s), 1 left on base; Salem 1 - Santa Fe 0 |
BOTTOM OF THE 2ND |
Santa Fe Diablos batting - Pitching for Salem Silver Souls : RHP Dave Williams
|
Batting: RHB Arnold Harmon
|
0-0: Fly out, F7 (Flyball, 78D)
|
Batting: RHB Júlio López
|
0-0: Ball 1-0: Called Strike 1-1: Called Strike 1-2: Foul Ball, location: 2F 1-2: Ball 2-2: Ball 3-2: Strikes out looking
|
Batting: RHB Jorge Rodríguez
|
0-0: Swinging Strike 0-1: Called Strike 0-2: Ball 1-2: Foul Ball, location: 2F 1-2: Ball 2-2: Ball 3-2: Foul Ball, location: 2F 3-2: SINGLE (Flyball, 78S)
|
Batting: RHB Richard Wilkins
|
0-0: Called Strike Jorge Rodríguez steals 2nd base 0-1: Ball 1-1: Ground out 6-3 (Groundball, 6)
|
Bottom of the 2nd over - 0 run(s), 1 hit(s), 0 error(s), 1 left on base; Salem 1 - Santa Fe 0 |
TOP OF THE 3RD |
Salem Silver Souls batting - Pitching for Santa Fe Diablos : RHP Jacob Bryant
|
Batting: LHB Bill Smith
|
0-0: Ball 1-0: Ball 2-0: Foul Ball, location: 2F 2-1: Called Strike 2-2: Ball 3-2: Base on Balls
|
Batting: RHB Lonson Seals
|
0-0: Grounds into double play, 6-4-3 (Groundball, 6)
|
Batting: LHB Raúl Cordero
|
0-0: Called Strike 0-1: Foul Ball, location: 2F 0-2: Foul Ball, location: 2F 0-2: Strikes out swinging
|
Top of the 3rd over - 0 run(s), 0 hit(s), 0 error(s), 0 left on base; Salem 1 - Santa Fe 0 |
BOTTOM OF THE 3RD |
Santa Fe Diablos batting - Pitching for Salem Silver Souls : RHP Dave Williams
|
Batting: RHB Emiel van Rhee
|
0-0: Called Strike 0-1: Called Strike 0-2: SINGLE (Line Drive, 9LM)
|
Batting: RHB Michael Anderson
|
0-0: Ball 1-0: Called Strike 1-1: Called Strike Emiel van Rhee is caught stealing 2nd base 1-2: Strikes out looking
|
Batting: RHB Emílio Bruno
|
0-0: Ball 1-0: Ball 2-0: Ball 3-0: Called Strike 3-1: Foul Ball, location: 2F 3-2: Base on Balls
|
Batting: RHB Roberto Zamora
|
0-0: Hit by Pitch Emílio Bruno to second
|
Batting: SHB António Hernández
|
0-0: Ball 1-0: Swinging Strike 1-1: Called Strike 1-2: Strikes out swinging
|
Bottom of the 3rd over - 0 run(s), 1 hit(s), 0 error(s), 2 left on base; Salem 1 - Santa Fe 0 |
TOP OF THE 4TH |
Salem Silver Souls batting - Pitching for Santa Fe Diablos : RHP Jacob Bryant
|
Batting: SHB Juan Acevado
|
0-0: Foul Ball, location: 2F 0-1: Ground out 4-3 (Groundball, 34)
|
Batting: RHB Carlos García
|
0-0: Ball 1-0: SINGLE (Groundball, 34D) (infield hit)
|
Batting: LHB Millard Dye
|
0-0: Called Strike 0-1: Ball 1-1: Ball 2-1: Swinging Strike 2-2: Strikes out looking
|
Batting: RHB Jesús Gutiérrez
|
0-0: Swinging Strike 0-1: Called Strike 0-2: Fly out, F9 (Line Drive, 89M)
|
Top of the 4th over - 0 run(s), 1 hit(s), 0 error(s), 1 left on base; Salem 1 - Santa Fe 0 |
BOTTOM OF THE 4TH |
Santa Fe Diablos batting - Pitching for Salem Silver Souls : RHP Dave Williams
|
Batting: RHB Arnold Harmon
|
0-0: Ball 1-0: Swinging Strike 1-1: Foul Ball, location: 2F 1-2: Foul Ball, location: 2F 1-2: Strikes out looking
|
Batting: RHB Júlio López
|
0-0: Called Strike 0-1: SINGLE (Groundball, 4M)
|
Batting: RHB Jorge Rodríguez
|
0-0: Called Strike 0-1: Fly out, F7 (Flyball, 8LM)
|
Batting: RHB Richard Wilkins
|
0-0: Ball Wild Pitch! Júlio López to second 1-0: Ball 2-0: Called Strike 2-1: Swinging Strike 2-2: Foul Ball, location: 2F 2-2: Fly out, F9 (Flyball, 9M)
|
Bottom of the 4th over - 0 run(s), 1 hit(s), 0 error(s), 1 left on base; Salem 1 - Santa Fe 0 |
TOP OF THE 5TH |
Salem Silver Souls batting - Pitching for Santa Fe Diablos : RHP Jacob Bryant
|
Batting: RHB Alejandro Martínez
|
0-0: Called Strike 0-1: Ball 1-1: Swinging Strike 1-2: Strikes out swinging
|
Batting: SHB Todd Smith
|
0-0: Ball 1-0: Swinging Strike 1-1: Foul Ball, location: 2F 1-2: Foul Ball, location: 2F 1-2: Strikes out swinging
|
Batting: LHB Bill Smith
|
0-0: Foul Ball, location: 2F 0-1: Ball 1-1: Swinging Strike 1-2: Strikes out swinging
|
Top of the 5th over - 0 run(s), 0 hit(s), 0 error(s), 0 left on base; Salem 1 - Santa Fe 0 |
BOTTOM OF THE 5TH |
Santa Fe Diablos batting - Pitching for Salem Silver Souls : RHP Dave Williams
|
Batting: RHB Emiel van Rhee
|
0-0: Ball 1-0: Foul Ball, location: 2F 1-1: Ball 2-1: Called Strike 2-2: Strikes out swinging
|
Batting: RHB Michael Anderson
|
0-0: Called Strike 0-1: Foul Ball, location: 2F 0-2: Ball 1-2: Foul Ball, location: 2F 1-2: Hit by Pitch
|
Batting: RHB Emílio Bruno
|
0-0: Called Strike 0-1: SINGLE (Line Drive, 4M) Michael Anderson to second
|
Batting: RHB Roberto Zamora
|
0-0: Foul Ball, location: 2F 0-1: Foul Ball, location: 2F 0-2: Foul Ball, location: 2F 0-2: Ball Wild Pitch! Michael Anderson to third Emílio Bruno to second 1-2: Foul Ball, location: 2F 1-2: Foul Ball, location: 2F 1-2: Ground out 5-3 (Groundball, 5S)
|
Batting: SHB António Hernández
|
0-0: Ball 1-0: Ball 2-0: Ball 3-0: Base on Balls
|
Batting: RHB Arnold Harmon
|
0-0: Ball 1-0: Fielders Choice at 2nd, 6-4 (Groundball, 6)
|
Bottom of the 5th over - 0 run(s), 1 hit(s), 0 error(s), 2 left on base; Salem 1 - Santa Fe 0 |
TOP OF THE 6TH |
Salem Silver Souls batting - Pitching for Santa Fe Diablos : RHP Jacob Bryant
|
Batting: RHB Lonson Seals
|
0-0: Ball 1-0: Swinging Strike 1-1: Foul Ball, location: 2F 1-2: Ball 2-2: Strikes out swinging
|
Batting: LHB Raúl Cordero
|
0-0: Ball 1-0: Called Strike 1-1: Foul Ball, location: 2F 1-2: Strikes out swinging
|
Batting: SHB Juan Acevado
|
0-0: Swinging Strike 0-1: Called Strike 0-2: Strikes out looking
|
Top of the 6th over - 0 run(s), 0 hit(s), 0 error(s), 0 left on base; Salem 1 - Santa Fe 0 |
BOTTOM OF THE 6TH |
Santa Fe Diablos batting - Pitching for Salem Silver Souls : RHP Dave Williams
|
Batting: RHB Júlio López
|
0-0: Fly out, F8 (Flyball, 8RXD)
|
Batting: RHB Jorge Rodríguez
|
0-0: Ball 1-0: Foul Ball, location: 2F 1-1: Ball 2-1: DOUBLE (Line Drive, 89M)
|
Batting: RHB Richard Wilkins
|
0-0: Foul Ball, location: 2F 0-1: Ball 1-1: Ball 2-1: Ball 3-1: Foul Ball, location: 2F 3-2: Base on Balls
|
Pitching: RHP Fernando Gutiérrez
|
|
Batting: RHB Emiel van Rhee
|
0-0: SINGLE (Line Drive, 6) Jorge Rodríguez to third Richard Wilkins to second Runner from 3rd tries for Home, SAFE, no throw or cutoff
|
Batting: RHB Michael Anderson
|
0-0: Ball 1-0: Ball 2-0: Ball 3-0: Base on Balls Richard Wilkins to third Emiel van Rhee to second
|
Batting: RHB Emílio Bruno
|
0-0: Called Strike 0-1: Foul Ball, location: 2F 0-2: Strikes out swinging
|
Batting: RHB Roberto Zamora
|
0-0: Foul Ball, location: 2F 0-1: Ground out 1-3 (Groundball, 13S)
|
Bottom of the 6th over - 1 run(s), 2 hit(s), 0 error(s), 3 left on base; Salem 1 - Santa Fe 1 |
TOP OF THE 7TH |
Salem Silver Souls batting - Pitching for Santa Fe Diablos : RHP Jacob Bryant
|
Pinch Hitting: LHB Jeff McKinney
|
0-0: Called Strike 0-1: Ball 1-1: Swinging Strike 1-2: Foul Ball, location: 2F 1-2: DOUBLE (Flyball, 89XD)
|
Batting: LHB Millard Dye
|
0-0: Intentional Walk
|
Pitching: RHP Bill Morris
|
|
Batting: RHB Jesús Gutiérrez
|
0-0: Bunt missed! 0-1: Bunted foul 0-2: Fly out, F9 (Flyball, 89M)
|
Batting: RHB Alejandro Martínez
|
0-0: Ball 1-0: Ball 2-0: Called Strike 2-1: Foul Ball, location: 2F 2-2: Ball 3-2: Base on Balls Jeff McKinney to third Millard Dye to second
|
Batting: SHB Todd Smith
|
0-0: Ball 1-0: Called Strike 1-1: Ball 2-1: Swinging Strike 2-2: Foul Ball, location: 2F 2-2: Ball 3-2: Foul Ball, location: 2F 3-2: Foul Ball, location: 2F 3-2: Strikes out swinging
|
Batting: LHB Bill Smith
|
0-0: Called Strike 0-1: Swinging Strike 0-2: Strikes out swinging
|
Top of the 7th over - 0 run(s), 1 hit(s), 0 error(s), 3 left on base; Salem 1 - Santa Fe 1 |
BOTTOM OF THE 7TH |
Santa Fe Diablos batting - Pitching for Salem Silver Souls : RHP Fernando Gutiérrez
|
Now in LF: Jeff McKinney
|
|
Batting: SHB António Hernández
|
0-0: Swinging Strike 0-1: Foul Ball, location: 2F 0-2: Fly out, F5 (Popup, 5F)
|
Batting: RHB Arnold Harmon
|
0-0: Ball 1-0: SINGLE (Line Drive, 8LS)
|
Batting: RHB Júlio López
|
0-0: Ball Arnold Harmon steals 2nd base 1-0: Intentional Walk
|
Pinch Hitting: RHB Bill Finley
|
0-0: Grounds into double play, 6-4-3 (Groundball, 6)
|
Bottom of the 7th over - 0 run(s), 1 hit(s), 0 error(s), 1 left on base; Salem 1 - Santa Fe 1 |
TOP OF THE 8TH |
Salem Silver Souls batting - Pitching for Santa Fe Diablos : RHP Bill Morris
|
Now at 2B: Bill Finley
|
|
Batting: RHB Lonson Seals
|
0-0: Ground out 1-3 (Groundball, 13S)
|
Batting: LHB Raúl Cordero
|
0-0: Ball 1-0: SOLO HOME RUN (Flyball, 89XD), Distance : 394 ft
|
Batting: SHB Juan Acevado
|
0-0: Ball 1-0: Called Strike 1-1: Swinging Strike 1-2: Ball 2-2: Foul Ball, location: 2F 2-2: Strikes out looking
|
Batting: LHB Jeff McKinney
|
0-0: Ball 1-0: Called Strike 1-1: Ball 2-1: Ball 3-1: Base on Balls
|
Batting: LHB Millard Dye
|
0-0: Ball 1-0: Ground out U3 (Groundball, 3L)
|
Top of the 8th over - 1 run(s), 1 hit(s), 0 error(s), 1 left on base; Salem 2 - Santa Fe 1 |
BOTTOM OF THE 8TH |
Santa Fe Diablos batting - Pitching for Salem Silver Souls : RHP Fernando Gutiérrez
|
Pitching: RHP Jeff Hansen
|
|
Batting: RHB Richard Wilkins
|
0-0: Ball 1-0: Ball 2-0: Ball 3-0: Called Strike 3-1: Called Strike 3-2: Foul Ball, location: 2F 3-2: Base on Balls
|
Pinch Hitting: RHB John Dinkins
|
0-0: Bunted foul 0-1: Bunted foul 0-2: Ball 1-2: Fielders Choice at 2nd, 2-6 (Groundball, 2L)
|
Batting: RHB Michael Anderson
|
0-0: Grounds into double play, 6-4-3 (Groundball, 6)
|
Bottom of the 8th over - 0 run(s), 0 hit(s), 0 error(s), 0 left on base; Salem 2 - Santa Fe 1 |
TOP OF THE 9TH |
Salem Silver Souls batting - Pitching for Santa Fe Diablos : RHP Bill Morris
|
Now in LF: John Dinkins
|
|
Batting: RHB Jesús Gutiérrez
|
0-0: Ball 1-0: Fly out, F8 (Flyball, 8RM)
|
Batting: RHB Alejandro Martínez
|
0-0: Called Strike 0-1: Fly out, F7 (Flyball, 7M)
|
Batting: SHB Todd Smith
|
0-0: Fly out, F7 (Line Drive, 7LM)
|
Top of the 9th over - 0 run(s), 0 hit(s), 0 error(s), 0 left on base; Salem 2 - Santa Fe 1 |
BOTTOM OF THE 9TH |
Santa Fe Diablos batting - Pitching for Salem Silver Souls : RHP Jeff Hansen
|
Pitching: RHP Andy Hickey
|
|
Now at 2B: Augusto Baiano
|
|
Now in CF: Gustavo Pagán
|
|
Batting: RHB Emílio Bruno
|
0-0: SOLO HOME RUN (Flyball, 89XD), Distance : 411 ft
|
Batting: RHB Roberto Zamora
|
0-0: Ball 1-0: Foul Ball, location: 2F 1-1: Ball 2-1: Swinging Strike 2-2: Foul Ball, location: 2F 2-2: Strikes out swinging
|
Batting: SHB António Hernández
|
0-0: SINGLE (Popup, 6MD)
|
Batting: RHB Arnold Harmon
|
0-0: Called Strike 0-1: Ball 1-1: Called Strike 1-2: Grounds into double play, 6-4-3 (Groundball, 6)
|
Bottom of the 9th over - 1 run(s), 2 hit(s), 0 error(s), 0 left on base; Salem 2 - Santa Fe 2 |
TOP OF THE 10TH |
Salem Silver Souls batting - Pitching for Santa Fe Diablos : RHP Bill Morris
|
Pitching: LHP Albert Alonzo
|
|
Batting: LHB Bill Smith
|
0-0: Ball 1-0: Called Strike 1-1: Swinging Strike 1-2: Ball 2-2: Ball 3-2: Base on Balls
|
Pinch Hitting: RHB Juan López
|
0-0: Foul Ball, location: 2F 0-1: Called Strike 0-2: Ball 1-2: Fly out, F3 (Popup, 34)
|
Pinch Hitting: RHB Jim Edgar
|
0-0: Called Strike 0-1: Called Strike 0-2: Ball 1-2: Foul Ball, location: 2F 1-2: Foul Ball, location: 2F 1-2: SINGLE (Flyball, 9LM) Bill Smith to second Throwing error, E9 Bill Smith scores Jim Edgar to second
|
Batting: SHB Juan Acevado
|
0-0: Intentional Walk
|
Pinch Runner at 2nd Jermaine Carter:
|
|
Pinch Hitting: RHB Gabriel Miranda
|
0-0: Grounds into double play, 6-4-3 (Groundball, 56)
|
Top of the 10th over - 1 run(s), 1 hit(s), 1 error(s), 1 left on base; Salem 3 - Santa Fe 2 |
BOTTOM OF THE 10TH |
Santa Fe Diablos batting - Pitching for Salem Silver Souls : RHP Andy Hickey
|
Now at 1B: Gabriel Miranda
|
|
Now at 2B: Orlando Aguirre
|
|
Now in LF: Jermaine Carter
|
|
Batting: RHB Júlio López
|
0-0: Ball 1-0: Swinging Strike 1-1: Ball 2-1: Fly out, F9 (Line Drive, 9S)
|
Batting: RHB Bill Finley
|
0-0: Called Strike 0-1: Foul Ball, location: 2F 0-2: SINGLE (Line Drive, 56D)
|
Pinch Runner at 1st Gerardo Álvarez:
|
|
Pinch Hitting: RHB Ray Davis
|
0-0: Ball 1-0: Ball 2-0: Foul Ball, location: 2F 2-1: Foul Ball, location: 2F 2-2: Hit by Pitch Gerardo Álvarez to second
|
Batting: RHB John Dinkins
|
0-0: Foul Ball, location: 2F 0-1: Ball 1-1: Called Strike 1-2: Strikes out looking
|
Pinch Hitting: SHB George Adams
|
0-0: Ball 1-0: Ball 2-0: Called Strike 2-1: Ball 3-1: Called Strike 3-2: SINGLE (Line Drive, 8LS) Gerardo Álvarez to third Ray Davis to second Gerardo Álvarez scores Ray Davis to third
|
Batting: RHB Emílio Bruno
|
0-0: Ball 1-0: Ground out 4-3 (Groundball, 4)
|
Bottom of the 10th over - 1 run(s), 2 hit(s), 0 error(s), 2 left on base; Salem 3 - Santa Fe 3 |
TOP OF THE 11TH |
Salem Silver Souls batting - Pitching for Santa Fe Diablos : LHP Albert Alonzo
|
Now at C: Fernando Garza
|
|
Now at 2B: George Adams
|
|
Now in CF: Ray Davis
|
|
Batting: LHB Millard Dye
|
0-0: Ball 1-0: Foul Ball, location: 2F 1-1: Ground out 4-3 (Groundball, 4M)
|
Batting: RHB Jesús Gutiérrez
|
0-0: Ball 1-0: SINGLE (Groundball, 34S)
|
Pinch Hitting: RHB Ron Edwards
|
0-0: Called Strike 0-1: Ball 1-1: Foul Ball, location: 2F 1-2: Ball 2-2: Ball 3-2: Foul Ball, location: 2F 3-2: Fly out, F3 (Popup, 3F)
|
Batting: RHB Gustavo Pagán
|
0-0: Ball 1-0: Ball 2-0: Called Strike 2-1: Ball 3-1: Called Strike 3-2: Base on Balls Jesús Gutiérrez to second
|
Batting: LHB Bill Smith
|
0-0: Ball 1-0: SINGLE (Groundball, 34) Jesús Gutiérrez to third Gustavo Pagán to second Runner from 3rd tries for Home, SAFE, no throw or cutoff
|
Pinch Hitting: SHB Francis Shaffer
|
0-0: Foul Ball, location: 2F 0-1: Swinging Strike 0-2: Foul Ball, location: 2F 0-2: Strikes out swinging
|
Top of the 11th over - 1 run(s), 2 hit(s), 0 error(s), 2 left on base; Salem 4 - Santa Fe 3 |
BOTTOM OF THE 11TH |
Santa Fe Diablos batting - Pitching for Salem Silver Souls : RHP Andy Hickey
|
Pitching: LHP Shawn Taylor
|
|
Now at C: Jack Snyder
|
|
Now at 3B: Francis Shaffer
|
|
Batting: RHB Roberto Zamora
|
0-0: Ball 1-0: Called Strike 1-1: Foul Ball, location: 2F 1-2: Ball 2-2: Strikes out swinging
|
Batting: SHB António Hernández
|
0-0: Ball 1-0: Ball 2-0: Ball 3-0: Called Strike 3-1: Fly out, F9 (Flyball, 9D)
|
Batting: RHB Arnold Harmon
|
0-0: Called Strike 0-1: Swinging Strike 0-2: Foul Ball, location: 2F 0-2: Strikes out swinging
|
Bottom of the 11th over - 0 run(s), 0 hit(s), 0 error(s), 0 left on base; Salem 4 - Santa Fe 3 |
|